 Dungeon Crawl Stone Soup version 0.19.5 (webtiles) character file.

477 McKennaii the Gusty (level 6, -5/37 HPs)
             Began as a High Elf Air Elementalist on Apr 16, 2017.
             Shot with an arrow by a centaur (14 damage)
             ... on level 5 of the Dungeon.
             The game lasted 00:12:06 (4616 turns).

McKennaii the Gusty (High Elf Air Elementalist)     Turns: 4616, Time: 00:12:07

Health: -5/37      AC:  4    Str:  7    XL:     6   Next: 85%
Magic:  5/14       EV: 13    Int: 20    God:
Gold:   274        SH:  0    Dex: 17    Spells: 3 memorised, 9 levels left

rFire  . . .     SeeInvis .     (no weapon)
rCold  . . .     Gourm    .     a - +0 robe
rNeg   . . .     Faith    .     (no shield)
rPois  .         Spirit   .     (no helmet)
rElec  .         Reflect  .     y - +0 cloak
rCorr  .         Harm     .     (no gloves)
MR     .....                    w - +0 pair of boots
Stlth  ++........               (no amulet)
                                (no ring)
                                (no ring)

@: no status effects
A: no striking features
a: no special abilities


You were on level 5 of the Dungeon.
You were not hungry.

You visited 1 branch of the dungeon, and saw 5 of its levels.

You collected 274 gold pieces.

Inventory:

Armour
 a - a +0 robe (worn)
 w - a +0 pair of boots (worn)
 y - a +0 cloak (worn)
Scrolls
 c - a scroll of recharging {unknown}
 f - 2 scrolls of noise {unknown}
 h - 5 scrolls of remove curse {unknown}
 i - 4 scrolls of immolation {unknown}
 k - a scroll of fear {unknown}
 l - 5 scrolls of identify {unknown}
 q - 2 scrolls of amnesia {unknown}
 u - 2 scrolls of teleportation {unknown}
 z - a scroll of blinking {unknown}
 B - a scroll of brand weapon {unknown}
Potions
 d - a potion of magic {unknown}
 e - a potion of might {unknown}
 m - 2 potions of curing {unknown}
 n - 2 potions of invisibility {unknown}
 o - a potion of cure mutation {unknown}
 p - 3 potions of lignification {unknown}
 s - a potion of degeneration {unknown}
 x - 3 potions of resistance {unknown}
 A - a potion of haste {unknown}
Books
 b - a book of Air

   Spells                             Type                      Level
   a - Shock                          Conjuration/Air              1
   b - Swiftness                      Charms/Air                   2
   c - Repel Missiles                 Charms/Air                   2
   d - Static Discharge               Conjuration/Air              3
   e - Lightning Bolt                 Conjuration/Air              5
Comestibles
 g - 3 fruits
 j - a slice of pizza
 r - a meat ration
 t - a beef jerky
 v - 2 bread rations


   Skills:
 + Level 0.6 Fighting
 + Level 2.9 Dodging
 + Level 3.2 Stealth
 + Level 0.1 Unarmed Combat
 + Level 4.9 Spellcasting
 + Level 3.0 Conjurations
 + Level 0.2 Charms
 + Level 6.3 Air Magic


You had 9 spell levels left.
You knew the following spells:

 Your Spells              Type           Power        Failure   Level  Hunger
a - Shock                 Conj/Air       ###.         1%          1    None
b - Swiftness             Chrm/Air       ###.....     4%          2    #......
c - Repel Missiles        Chrm/Air       ###...       4%          2    #......


Dungeon Overview and Level Annotations

Branches:
Dungeon (5/15)
 Temple: D:4-7

Altars:
Fedhas
Uskayaw

Shops:
D:4 *

Annotations:
D:4 murphvienna's ghost, novice FoFi


Message History

The centaur is heavily wounded.
The centaur shoots an arrow.
The arrow hits you!
The centaur shoots an arrow.
The arrow hits you!
* * * LOW HITPOINT WARNING * * *
Casting: Shock
Confirm with . or Enter, or press ? or * to list all spells.
Aiming: Shock
Press: ? - help, Shift-Dir - straight line, f/p - centaur
Aim: a centaur, wielding a shortbow (heavily wounded)
The zap misses the centaur.
The centaur shoots an arrow.
The arrow barely misses you.
Casting: Shock
Confirm with . or Enter, or press ? or * to list all spells.
Aiming: Shock
Press: ? - help, Shift-Dir - straight line, f/p - centaur
Aim: a centaur, wielding a shortbow (heavily wounded)
The zap hits the centaur.
The centaur is severely wounded.
The centaur shoots an arrow.
The arrow hits you!
You die...

..# #.###. ..# .###..
#.#### #.# .c... .......
#.# .... ##.#### #.# ...
..#### #.# .. ......
####### #.# .# #.....
#.....###'####.###...
+.....
#.....#......@.......
#.....
####.....#....###.......
......
.......†...............#
..####
##########....########.#
.. #### #....# .###...#
...+ . #....######
......# .# ..
#....##...# .....#
.###... #..[.##...#
....# ...... #....##...#
...#


You could see a centaur.

Vanquished Creatures
  A phantom (D:3)
  A centaur (D:5)
  A hound (D:5)
  A centaur skeleton (D:5)
  An orc wizard (D:4)
  A worker ant (D:4)
  7 adders
  2 oozes
  2 adder skeletons (D:5)
  2 worms
  4 dart slugs
  6 leopard geckos
  2 orcs (D:4)
  4 giant cockroaches
  6 goblins
  11 hobgoblins
  10 jackals
  14 kobolds
  2 quokkas
  3 ball pythons
  10 bats
  2 frilled lizards
  A jackal skeleton (D:5)
  A leopard gecko skeleton (D:4)
  7 rats
102 creatures vanquished.

Notes
Turn   | Place    | Note
-------+----------+-------------------------------------------
     0 | D:1      | McKennaii the High Elf Air Elementalist began the quest for the Orb.
     0 | D:1      | Reached XP level 1. HP: 11/11 MP: 4/4
   123 | D:1      | Reached skill level 4 in Air Magic
   191 | D:1      | Reached XP level 2. HP: 13/17 MP: 1/6
   659 | D:1      | Reached XP level 3. HP: 13/22 MP: 0/7
   731 | D:1      | Learned a level 2 spell: Swiftness
   734 | D:1      | Learned a level 2 spell: Repel Missiles
  1773 | D:2      | Found a hide-covered altar of Uskayaw.
  1773 | D:2      | Found a blossoming altar of Fedhas.
  1830 | D:2      | Reached XP level 4. HP: 27/27 MP: 6/9
  2149 | D:2      | Reached skill level 5 in Air Magic
  2679 | D:3      | Noticed a phantom
  2790 | D:3      | Killed a phantom
  2790 | D:3      | Reached XP level 5. HP: 17/32 MP: 1/12
  3413 | D:4      | Noticed murphvienna's ghost (novice FoFi)
  3588 | D:4      | Reached XP level 6. HP: 37/37 MP: 7/13
  3976 | D:4      | Found Qounkor's Elemental Accessories.
  4089 | D:5      | Entered Level 5 of the Dungeon
  4163 | D:5      | Reached skill level 6 in Air Magic
  4616 | D:5      | Shot with an arrow by a centaur

Skill      XL: |  1  2  3  4  5  6 |
---------------+-------------------+-----
Air Magic      | 4 5 6 |  6.3
Spellcasting   | 4 |  4.9
Conjurations   | 2 3 |  3.0
Stealth        | 3 |  3.2
Fighting       | |  0.6
Dodging        | |  2.9
Unarmed Combat | |  0.1
Charms         | |  0.2

Action                   |  1- 3 |  4- 6 || total
-------------------------+-------+-------++-------
Melee: Unarmed           |    62 |     5 ||    67
 Cast: Shock             |    94 |   172 ||   266
       Repel Missiles    |     1 |     1 ||     2
       Swiftness         |       |     1 ||     1
  Eat: Bread ration      |     1 |       ||     1
       Meat ration       |       |     1 ||     1
       Fruit             |       |     2 ||     2
Armor: Robe              |    24 |     1 ||    25
Dodge: Dodged            |    99 |    21 ||   120
       Deflected         |       |     3 ||     3
